 Dungeon Crawl Stone Soup version 0.22.1-2-g9c5b331 (webtiles) character file.

1976 Fang the Cleaver (level 9, -16/82 HPs)
             Began as a Gargoyle Berserker on Dec 17, 2018.
             Was a Priest of Trog.
             Demolished by an ogre
             ... wielding a +0 giant spiked club
              (27 damage)
             ... on level 7 of the Dungeon.
             The game lasted 00:05:49 (5207 turns).

Fang the Cleaver (Gargoyle Berserker)               Turns: 5207, Time: 00:05:49

Health: -16/82     AC: 10    Str: 30    XL:     9   Next: 20%
Magic:  18/18      EV: 12    Int:  7    God:    Trog [***...]
Gold:   242        SH:  0    Dex:  9    Spells: 8/8 levels left

rFire    . . .     SeeInvis .   a - +0 hand axe
rCold    + . .     Gourm    .   (no shield)
rNeg     + . .     Faith    .   B - +0 leather armour of Fun and Games {rElec rC+} (curse)
rPois    ∞         Spirit   .   (no helmet)
rElec    +         Reflect  .   o - scarf {cloud immunity}
rCorr    .         Harm     .   (no gloves)
MR       .....                  (no boots)
Stlth    ..........             (no amulet)
HPRegen  0.23/turn              h - ring of attention (curse)
MPRegen  0.16/turn              u - ring of magical power

@: berserking, very quick
A: negative energy resistance 1, electricity resistance, unbreathing,
petrification resistance, rot immunity, AC +6
a: Berserk, Trog's Hand, Renounce Religion


You were on level 7 of the Dungeon.
You worshipped Trog.
Trog was most pleased with you.
You were not hungry.

You visited 2 branches of the dungeon, and saw 8 of its levels.

You collected 242 gold pieces.

Inventory:

Hand Weapons
 a - a +0 hand axe (weapon)
Armour
 o - a scarf of cloud immunity (worn)
 z - a +0 plate armour
 B - the cursed +0 leather armour of Fun and Games (worn) {rElec rC+}
   (You found it on level 7 of the Dungeon)

   It protects you from cold.
   It insulates you from electricity.
   It has a curse placed upon it.
Jewellery
 h - a cursed ring of attention (left hand)
 u - a ring of magical power (right hand)
Wands
 k - a wand of acid (8)
 v - a wand of digging (10)
 y - a wand of scattershot (5)
Scrolls
 e - 7 scrolls of identify {unknown}
 g - a scroll of random uselessness {unknown}
 i - 3 scrolls of fog {unknown}
 m - a scroll of teleportation {unknown}
 n - a scroll of enchant weapon {unknown}
 p - 3 scrolls of amnesia {unknown}
 q - a scroll of magic mapping {unknown}
 s - a scroll of blinking {unknown}
 w - a scroll of fear {unknown}
 x - a scroll of enchant armour {unknown}
Potions
 b - 2 potions of heal wounds {unknown}
 d - 2 potions of ambrosia {unknown}
 f - 2 potions of agility {unknown}
 j - a potion of berserk rage {unknown}
 l - a potion of mutation {unknown}
 r - a potion of magic {unknown}
 t - a potion of brilliance {unknown}
 A - a potion of lignification {unknown}
Comestibles
 c - 10 rations


   Skills:
 + Level 6.2 Fighting
 + Level 8.0 Axes
 + Level 6.8 Armour
 + Level 3.0 Dodging
 + Level 0.9 Stealth


You had 8 spell levels left.
You didn't know any spells.
Your spell library was empty.

Dungeon Overview and Level Annotations

Branches:
Dungeon (7/15)             Temple (1/1) D:6

Altars:
Ashenzari
Dithmenos
Fedhas
Makhleb
Okawaru
Xom

Shops:
D:4 }[=[[


Innate Abilities, Weirdness & Mutations

You are resistant to torment.
Your stone body is resilient. (AC +6)
You are immune to poison.
You resist negative energy. (rN+)
You are resistant to electric shocks. (rElec)
You can survive without breathing.
You are immune to petrification.
You are immune to rotting.


Message History

You barely miss the worker ant zombie. The worker ant zombie misses you.
You hit the worker ant zombie.
The worker ant zombie is lightly damaged.
A hound skeleton comes into view.
The worker ant zombie bites you but does no damage.
A howler monkey comes into view.
You hit the worker ant zombie.
The worker ant zombie is moderately damaged.
The worker ant zombie bites you.
* * * LOW HITPOINT WARNING * * *
You eat one of the 11 rations.
That ration really hit the spot!
The howler monkey hoots and howls with incredible vigour!
The worker ant zombie bites you.
* * * LOW HITPOINT WARNING * * *
A red film seems to cover your vision as you go berserk!
You feel yourself moving faster!
You feel mighty!
You feel quite a bit more hungry.
The worker ant zombie bites you but does no damage.
The ogre hits you with a giant spiked club!!
You die...

#.....................#
#..............(...####
#....†.............#
#........##+#####'##
#........##. #.#
#.......[<#. #.#
#.........#.#####.#
#.........#.).....#
#.........#.@######
......OZ# ##.#..=.#
....Z## #####. #h .. ..


You could see an ogre, a howler monkey, a worker ant zombie and a hound
skeleton.

Vanquished Creatures
  A two-headed ogre (D:6)
  An ice beast (D:7)
  A sky beast (D:7)
  A hornet zombie (D:5)
  A phantom (D:6)
  A centaur (D:5)
  A big kobold (D:7)
  2 scorpions (D:7)
  A crimson imp (D:5)
  A quasit (D:6)
  2 hounds
  An orc priest (D:6)
  4 jellies
  A bullfrog skeleton (D:7)
  An iguana (D:6)
  Jessica (D:2)
  Terence (D:2)
  2 orc wizards
  3 worker ants
  A hound zombie (D:6)
  7 adders
  7 gnolls
  A shadow imp (D:5)
  3 worms
  A dart slug (D:3)
  A leopard gecko (D:4)
  9 orcs
  9 bats
  3 giant cockroaches
  4 goblins
  6 hobgoblins
  3 jackals (D:4)
  10 kobolds
  A quokka (D:4)
  6 frilled lizards
  A leopard gecko skeleton (D:5)
  A leopard gecko zombie (D:6)
  A quokka zombie (D:6)
  3 rats
105 creatures vanquished.

Notes
Turn   | Place    | Note
-------+----------+-------------------------------------------
     0 | D:1      | Fang the Gargoyle Berserker began the quest for the Orb.
     0 | D:1      | Reached XP level 1. HP: 14/14 MP: 1/1
    36 | D:1      | Reached XP level 2. HP: 8/19 MP: 2/2
   251 | D:1      | Reached skill level 3 in Axes
   541 | D:2      | Noticed Jessica
   545 | D:2      | Killed Jessica
   545 | D:2      | Reached ** piety under Trog
   545 | D:2      | Reached XP level 3. HP: 24/24 MP: 3/3
   595 | D:2      | Reached XP level 4. HP: 23/29 MP: 4/4
   800 | D:2      | Noticed Terence
   823 | D:2      | Killed Terence
   823 | D:2      | Reached skill level 4 in Axes
   965 | D:2      | Reached XP level 5. HP: 32/33 MP: 5/5
  1975 | D:3      | Reached XP level 6. HP: 38/38 MP: 6/6
  2203 | D:4      | Found Gawalife's Armour Shoppe.
  2222 | D:4      | Found Luraczul's Jewellery Boutique.
  2248 | D:4      | Found Araodoiq's Gadget Emporium.
  2382 | D:4      | Reached *** piety under Trog
  2652 | D:4      | Found Qaetathro's Armour Emporium.
  2736 | D:4      | Found Far Vynk's Armour Boutique.
  2904 | D:5      | Entered Level 5 of the Dungeon
  2926 | D:5      | Reached skill level 5 in Axes
  3366 | D:5      | Reached XP level 7. HP: 28/44 MP: 7/7
  4020 | D:6      | Reached skill level 6 in Axes
  4374 | D:6      | Found a staircase to the Ecumenical Temple.
  4394 | Temple   | Entered the Ecumenical Temple
  4513 | D:6      | Reached skill level 5 in Fighting
  4519 | D:6      | Noticed a two-headed ogre
  4529 | D:6      | Killed a two-headed ogre
  4529 | D:6      | Reached skill level 7 in Axes
  4529 | D:6      | Reached XP level 8. HP: 45/51 MP: 8/8
  4530 | D:6      | Found a shadowy altar of Dithmenos.
  4842 | D:6      | Found a blossoming altar of Fedhas.
  4843 | D:6      | Found an iron altar of Okawaru.
  4843 | D:6      | Found a shattered altar of Ashenzari.
  4845 | D:6      | Found a burning altar of Makhleb.
  4846 | D:6      | Found a shimmering altar of Xom.
  4962 | D:7      | Reached XP level 9. HP: 55/55 MP: 9/9
  5070 | D:7      | Reached skill level 8 in Axes
  5151 | D:7      | Got a jewelled leather armour
  5162 | D:7      | Identified the cursed +0 leather armour of Fun and Games
                  | {rElec rC+} (You found it on level 7 of the Dungeon)
  5207 | D:7      | Demolished by an ogre

Skill      XL: |  1  2  3  4  5  6  7  8  9 |
---------------+----------------------------+-----
Axes           | 3 4 5 7 8 |  8.0
Fighting       | 4 5 6 |  6.2
Dodging        | 2 3 |  3.0
Armour         | 3 6 |  6.8
Stealth        | |  0.9

Action                   |  1- 3 |  4- 6 |  7- 9 || total
-------------------------+-------+-------+-------++-------
Melee: Hand axe          |    77 |   232 |   252 ||   561
Invok: Berserk           |       |     4 |     5 ||     9
 Stab: Sleeping          |     1 |       |       ||     1
  Eat: Chunk             |       |     8 |     5 ||    13
       Ration            |       |     1 |     2 ||     3
Armor: Animal skin       |    15 |       |       ||    15
       Scale mail        |    15 |    25 |       ||    40
       Chain mail        |       |   110 |    93 ||   203
       Plate armour      |       |       |    80 ||    80
       Leather armour    |       |       |    10 ||    10
Dodge: Dodged            |    57 |    94 |   126 ||   277
